Workbook

Sheet Trades
A1: Ticker | B1: Type | C1: Strike | D1: Premium | E1: Contracts | F1: Entry date | G1: Expiration | H1: Status | I1: Close date | J1: Close price | K1: Open commission | L1: Close commission | M1: Collateral | N1: Net P/L | O1: Days | P1: Return | Q1: Annualized | R1: helper_capital_days | S1: helper_cash_premium
A2: KO | B2: CSP | C2: 70 | D2: 0.95 | E2: 1 | F2: 46209 | G2: 46241 | H2: expired | I2: 46241 | K2: 0.65 | L2: 0 | M2: =IF($A2="","",IF(LEFT($B2,5)="LEAPS",$D2,$C2)*100*$E2) | N2: =IF(OR($A2="",ISNUMBER(MATCH(LOWER($H2),{"open",""},0))),"",IF(LEFT($B2,5)="LEAPS",-1,1)*($D2-IF(ISNUMBER(MATCH(LOWER($H2),{"closed"},0)),$J2,0))*100*$E2-$K2-$L2) | O2: =IF(OR($A2="",$F2=""),"",MAX(1,IF(ISNUMBER(MATCH(LOWER($H2),{"open",""},0)),MIN(TODAY(),$G2),IF($I2="",$G2,$I2))-$F2)) | P2: =IF(OR($N2="",$M2="",$M2=0),"",$N2/$M2) | Q2: =IF(OR($P2="",$O2=""),"",$P2*365/$O2) | R2: =IF($N2="",0,$M2*$O2) | S2: =IF(OR($A2="",LEFT($B2,5)="LEAPS"),0,$D2*100*$E2)
A3: KO | B3: CSP | C3: 70 | D3: 1.1 | E3: 1 | F3: 46244 | G3: 46276 | H3: assigned | I3: 46276 | K3: 0.65 | L3: 0 | M3: =IF($A3="","",IF(LEFT($B3,5)="LEAPS",$D3,$C3)*100*$E3) | N3: =IF(OR($A3="",ISNUMBER(MATCH(LOWER($H3),{"open",""},0))),"",IF(LEFT($B3,5)="LEAPS",-1,1)*($D3-IF(ISNUMBER(MATCH(LOWER($H3),{"closed"},0)),$J3,0))*100*$E3-$K3-$L3) | O3: =IF(OR($A3="",$F3=""),"",MAX(1,IF(ISNUMBER(MATCH(LOWER($H3),{"open",""},0)),MIN(TODAY(),$G3),IF($I3="",$G3,$I3))-$F3)) | P3: =IF(OR($N3="",$M3="",$M3=0),"",$N3/$M3) | Q3: =IF(OR($P3="",$O3=""),"",$P3*365/$O3) | R3: =IF($N3="",0,$M3*$O3) | S3: =IF(OR($A3="",LEFT($B3,5)="LEAPS"),0,$D3*100*$E3)
A4: KO | B4: CC | C4: 72 | D4: 0.8 | E4: 1 | F4: 46279 | G4: 46311 | H4: open | K4: 0.65 | M4: =IF($A4="","",IF(LEFT($B4,5)="LEAPS",$D4,$C4)*100*$E4) | N4: =IF(OR($A4="",ISNUMBER(MATCH(LOWER($H4),{"open",""},0))),"",IF(LEFT($B4,5)="LEAPS",-1,1)*($D4-IF(ISNUMBER(MATCH(LOWER($H4),{"closed"},0)),$J4,0))*100*$E4-$K4-$L4) | O4: =IF(OR($A4="",$F4=""),"",MAX(1,IF(ISNUMBER(MATCH(LOWER($H4),{"open",""},0)),MIN(TODAY(),$G4),IF($I4="",$G4,$I4))-$F4)) | P4: =IF(OR($N4="",$M4="",$M4=0),"",$N4/$M4) | Q4: =IF(OR($P4="",$O4=""),"",$P4*365/$O4) | R4: =IF($N4="",0,$M4*$O4) | S4: =IF(OR($A4="",LEFT($B4,5)="LEAPS"),0,$D4*100*$E4)
A5: AMD | B5: CSP | C5: 150 | D5: 3.4 | E5: 1 | F5: 46251 | G5: 46283 | H5: closed | I5: 46266 | J5: 1.2 | K5: 0.65 | L5: 0.65 | M5: =IF($A5="","",IF(LEFT($B5,5)="LEAPS",$D5,$C5)*100*$E5) | N5: =IF(OR($A5="",ISNUMBER(MATCH(LOWER($H5),{"open",""},0))),"",IF(LEFT($B5,5)="LEAPS",-1,1)*($D5-IF(ISNUMBER(MATCH(LOWER($H5),{"closed"},0)),$J5,0))*100*$E5-$K5-$L5) | O5: =IF(OR($A5="",$F5=""),"",MAX(1,IF(ISNUMBER(MATCH(LOWER($H5),{"open",""},0)),MIN(TODAY(),$G5),IF($I5="",$G5,$I5))-$F5)) | P5: =IF(OR($N5="",$M5="",$M5=0),"",$N5/$M5) | Q5: =IF(OR($P5="",$O5=""),"",$P5*365/$O5) | R5: =IF($N5="",0,$M5*$O5) | S5: =IF(OR($A5="",LEFT($B5,5)="LEAPS"),0,$D5*100*$E5)
A6: AMD | B6: CSP | C6: 145 | D6: 3.1 | E6: 1 | F6: 46300 | G6: 46346 | H6: open | K6: 0.65 | M6: =IF($A6="","",IF(LEFT($B6,5)="LEAPS",$D6,$C6)*100*$E6) | N6: =IF(OR($A6="",ISNUMBER(MATCH(LOWER($H6),{"open",""},0))),"",IF(LEFT($B6,5)="LEAPS",-1,1)*($D6-IF(ISNUMBER(MATCH(LOWER($H6),{"closed"},0)),$J6,0))*100*$E6-$K6-$L6) | O6: =IF(OR($A6="",$F6=""),"",MAX(1,IF(ISNUMBER(MATCH(LOWER($H6),{"open",""},0)),MIN(TODAY(),$G6),IF($I6="",$G6,$I6))-$F6)) | P6: =IF(OR($N6="",$M6="",$M6=0),"",$N6/$M6) | Q6: =IF(OR($P6="",$O6=""),"",$P6*365/$O6) | R6: =IF($N6="",0,$M6*$O6) | S6: =IF(OR($A6="",LEFT($B6,5)="LEAPS"),0,$D6*100*$E6)
M7: =IF($A7="","",IF(LEFT($B7,5)="LEAPS",$D7,$C7)*100*$E7) | N7: =IF(OR($A7="",ISNUMBER(MATCH(LOWER($H7),{"open",""},0))),"",IF(LEFT($B7,5)="LEAPS",-1,1)*($D7-IF(ISNUMBER(MATCH(LOWER($H7),{"closed"},0)),$J7,0))*100*$E7-$K7-$L7) | O7: =IF(OR($A7="",$F7=""),"",MAX(1,IF(ISNUMBER(MATCH(LOWER($H7),{"open",""},0)),MIN(TODAY(),$G7),IF($I7="",$G7,$I7))-$F7)) | P7: =IF(OR($N7="",$M7="",$M7=0),"",$N7/$M7) | Q7: =IF(OR($P7="",$O7=""),"",$P7*365/$O7) | R7: =IF($N7="",0,$M7*$O7) | S7: =IF(OR($A7="",LEFT($B7,5)="LEAPS"),0,$D7*100*$E7)
M8: =IF($A8="","",IF(LEFT($B8,5)="LEAPS",$D8,$C8)*100*$E8) | N8: =IF(OR($A8="",ISNUMBER(MATCH(LOWER($H8),{"open",""},0))),"",IF(LEFT($B8,5)="LEAPS",-1,1)*($D8-IF(ISNUMBER(MATCH(LOWER($H8),{"closed"},0)),$J8,0))*100*$E8-$K8-$L8) | O8: =IF(OR($A8="",$F8=""),"",MAX(1,IF(ISNUMBER(MATCH(LOWER($H8),{"open",""},0)),MIN(TODAY(),$G8),IF($I8="",$G8,$I8))-$F8)) | P8: =IF(OR($N8="",$M8="",$M8=0),"",$N8/$M8) | Q8: =IF(OR($P8="",$O8=""),"",$P8*365/$O8) | R8: =IF($N8="",0,$M8*$O8) | S8: =IF(OR($A8="",LEFT($B8,5)="LEAPS"),0,$D8*100*$E8)
M9: =IF($A9="","",IF(LEFT($B9,5)="LEAPS",$D9,$C9)*100*$E9) | N9: =IF(OR($A9="",ISNUMBER(MATCH(LOWER($H9),{"open",""},0))),"",IF(LEFT($B9,5)="LEAPS",-1,1)*($D9-IF(ISNUMBER(MATCH(LOWER($H9),{"closed"},0)),$J9,0))*100*$E9-$K9-$L9) | O9: =IF(OR($A9="",$F9=""),"",MAX(1,IF(ISNUMBER(MATCH(LOWER($H9),{"open",""},0)),MIN(TODAY(),$G9),IF($I9="",$G9,$I9))-$F9)) | P9: =IF(OR($N9="",$M9="",$M9=0),"",$N9/$M9) | Q9: =IF(OR($P9="",$O9=""),"",$P9*365/$O9) | R9: =IF($N9="",0,$M9*$O9) | S9: =IF(OR($A9="",LEFT($B9,5)="LEAPS"),0,$D9*100*$E9)
M10: =IF($A10="","",IF(LEFT($B10,5)="LEAPS",$D10,$C10)*100*$E10) | N10: =IF(OR($A10="",ISNUMBER(MATCH(LOWER($H10),{"open",""},0))),"",IF(LEFT($B10,5)="LEAPS",-1,1)*($D10-IF(ISNUMBER(MATCH(LOWER($H10),{"closed"},0)),$J10,0))*100*$E10-$K10-$L10) | O10: =IF(OR($A10="",$F10=""),"",MAX(1,IF(ISNUMBER(MATCH(LOWER($H10),{"open",""},0)),MIN(TODAY(),$G10),IF($I10="",$G10,$I10))-$F10)) | P10: =IF(OR($N10="",$M10="",$M10=0),"",$N10/$M10) | Q10: =IF(OR($P10="",$O10=""),"",$P10*365/$O10) | R10: =IF($N10="",0,$M10*$O10) | S10: =IF(OR($A10="",LEFT($B10,5)="LEAPS"),0,$D10*100*$E10)
M11: =IF($A11="","",IF(LEFT($B11,5)="LEAPS",$D11,$C11)*100*$E11) | N11: =IF(OR($A11="",ISNUMBER(MATCH(LOWER($H11),{"open",""},0))),"",IF(LEFT($B11,5)="LEAPS",-1,1)*($D11-IF(ISNUMBER(MATCH(LOWER($H11),{"closed"},0)),$J11,0))*100*$E11-$K11-$L11) | O11: =IF(OR($A11="",$F11=""),"",MAX(1,IF(ISNUMBER(MATCH(LOWER($H11),{"open",""},0)),MIN(TODAY(),$G11),IF($I11="",$G11,$I11))-$F11)) | P11: =IF(OR($N11="",$M11="",$M11=0),"",$N11/$M11) | Q11: =IF(OR($P11="",$O11=""),"",$P11*365/$O11) | R11: =IF($N11="",0,$M11*$O11) | S11: =IF(OR($A11="",LEFT($B11,5)="LEAPS"),0,$D11*100*$E11)
M12: =IF($A12="","",IF(LEFT($B12,5)="LEAPS",$D12,$C12)*100*$E12) | N12: =IF(OR($A12="",ISNUMBER(MATCH(LOWER($H12),{"open",""},0))),"",IF(LEFT($B12,5)="LEAPS",-1,1)*($D12-IF(ISNUMBER(MATCH(LOWER($H12),{"closed"},0)),$J12,0))*100*$E12-$K12-$L12) | O12: =IF(OR($A12="",$F12=""),"",MAX(1,IF(ISNUMBER(MATCH(LOWER($H12),{"open",""},0)),MIN(TODAY(),$G12),IF($I12="",$G12,$I12))-$F12)) | P12: =IF(OR($N12="",$M12="",$M12=0),"",$N12/$M12) | Q12: =IF(OR($P12="",$O12=""),"",$P12*365/$O12) | R12: =IF($N12="",0,$M12*$O12) | S12: =IF(OR($A12="",LEFT($B12,5)="LEAPS"),0,$D12*100*$E12)
M13: =IF($A13="","",IF(LEFT($B13,5)="LEAPS",$D13,$C13)*100*$E13) | N13: =IF(OR($A13="",ISNUMBER(MATCH(LOWER($H13),{"open",""},0))),"",IF(LEFT($B13,5)="LEAPS",-1,1)*($D13-IF(ISNUMBER(MATCH(LOWER($H13),{"closed"},0)),$J13,0))*100*$E13-$K13-$L13) | O13: =IF(OR($A13="",$F13=""),"",MAX(1,IF(ISNUMBER(MATCH(LOWER($H13),{"open",""},0)),MIN(TODAY(),$G13),IF($I13="",$G13,$I13))-$F13)) | P13: =IF(OR($N13="",$M13="",$M13=0),"",$N13/$M13) | Q13: =IF(OR($P13="",$O13=""),"",$P13*365/$O13) | R13: =IF($N13="",0,$M13*$O13) | S13: =IF(OR($A13="",LEFT($B13,5)="LEAPS"),0,$D13*100*$E13)
M14: =IF($A14="","",IF(LEFT($B14,5)="LEAPS",$D14,$C14)*100*$E14) | N14: =IF(OR($A14="",ISNUMBER(MATCH(LOWER($H14),{"open",""},0))),"",IF(LEFT($B14,5)="LEAPS",-1,1)*($D14-IF(ISNUMBER(MATCH(LOWER($H14),{"closed"},0)),$J14,0))*100*$E14-$K14-$L14) | O14: =IF(OR($A14="",$F14=""),"",MAX(1,IF(ISNUMBER(MATCH(LOWER($H14),{"open",""},0)),MIN(TODAY(),$G14),IF($I14="",$G14,$I14))-$F14)) | P14: =IF(OR($N14="",$M14="",$M14=0),"",$N14/$M14) | Q14: =IF(OR($P14="",$O14=""),"",$P14*365/$O14) | R14: =IF($N14="",0,$M14*$O14) | S14: =IF(OR($A14="",LEFT($B14,5)="LEAPS"),0,$D14*100*$E14)
M15: =IF($A15="","",IF(LEFT($B15,5)="LEAPS",$D15,$C15)*100*$E15) | N15: =IF(OR($A15="",ISNUMBER(MATCH(LOWER($H15),{"open",""},0))),"",IF(LEFT($B15,5)="LEAPS",-1,1)*($D15-IF(ISNUMBER(MATCH(LOWER($H15),{"closed"},0)),$J15,0))*100*$E15-$K15-$L15) | O15: =IF(OR($A15="",$F15=""),"",MAX(1,IF(ISNUMBER(MATCH(LOWER($H15),{"open",""},0)),MIN(TODAY(),$G15),IF($I15="",$G15,$I15))-$F15)) | P15: =IF(OR($N15="",$M15="",$M15=0),"",$N15/$M15) | Q15: =IF(OR($P15="",$O15=""),"",$P15*365/$O15) | R15: =IF($N15="",0,$M15*$O15) | S15: =IF(OR($A15="",LEFT($B15,5)="LEAPS"),0,$D15*100*$E15)
M16: =IF($A16="","",IF(LEFT($B16,5)="LEAPS",$D16,$C16)*100*$E16) | N16: =IF(OR($A16="",ISNUMBER(MATCH(LOWER($H16),{"open",""},0))),"",IF(LEFT($B16,5)="LEAPS",-1,1)*($D16-IF(ISNUMBER(MATCH(LOWER($H16),{"closed"},0)),$J16,0))*100*$E16-$K16-$L16) | O16: =IF(OR($A16="",$F16=""),"",MAX(1,IF(ISNUMBER(MATCH(LOWER($H16),{"open",""},0)),MIN(TODAY(),$G16),IF($I16="",$G16,$I16))-$F16)) | P16: =IF(OR($N16="",$M16="",$M16=0),"",$N16/$M16) | Q16: =IF(OR($P16="",$O16=""),"",$P16*365/$O16) | R16: =IF($N16="",0,$M16*$O16) | S16: =IF(OR($A16="",LEFT($B16,5)="LEAPS"),0,$D16*100*$E16)
M17: =IF($A17="","",IF(LEFT($B17,5)="LEAPS",$D17,$C17)*100*$E17) | N17: =IF(OR($A17="",ISNUMBER(MATCH(LOWER($H17),{"open",""},0))),"",IF(LEFT($B17,5)="LEAPS",-1,1)*($D17-IF(ISNUMBER(MATCH(LOWER($H17),{"closed"},0)),$J17,0))*100*$E17-$K17-$L17) | O17: =IF(OR($A17="",$F17=""),"",MAX(1,IF(ISNUMBER(MATCH(LOWER($H17),{"open",""},0)),MIN(TODAY(),$G17),IF($I17="",$G17,$I17))-$F17)) | P17: =IF(OR($N17="",$M17="",$M17=0),"",$N17/$M17) | Q17: =IF(OR($P17="",$O17=""),"",$P17*365/$O17) | R17: =IF($N17="",0,$M17*$O17) | S17: =IF(OR($A17="",LEFT($B17,5)="LEAPS"),0,$D17*100*$E17)
M18: =IF($A18="","",IF(LEFT($B18,5)="LEAPS",$D18,$C18)*100*$E18) | N18: =IF(OR($A18="",ISNUMBER(MATCH(LOWER($H18),{"open",""},0))),"",IF(LEFT($B18,5)="LEAPS",-1,1)*($D18-IF(ISNUMBER(MATCH(LOWER($H18),{"closed"},0)),$J18,0))*100*$E18-$K18-$L18) | O18: =IF(OR($A18="",$F18=""),"",MAX(1,IF(ISNUMBER(MATCH(LOWER($H18),{"open",""},0)),MIN(TODAY(),$G18),IF($I18="",$G18,$I18))-$F18)) | P18: =IF(OR($N18="",$M18="",$M18=0),"",$N18/$M18) | Q18: =IF(OR($P18="",$O18=""),"",$P18*365/$O18) | R18: =IF($N18="",0,$M18*$O18) | S18: =IF(OR($A18="",LEFT($B18,5)="LEAPS"),0,$D18*100*$E18)
... M501: =IF($A501="","",IF(LEFT($B501,5)="LEAPS",$D501,$C501)*100*$E501) | N501: =IF(OR($A501="",ISNUMBER(MATCH(LOWER($H501),{"open",""},0))),"",IF(LEFT($B501,5)="LEAPS",-1,1)*($D501-IF(ISNUMBER(MATCH(LOWER($H501),{"closed"},0)),$J501,0))*100*$E501-$K501-$L501) | O501: =IF(OR($A501="",$F501=""),"",MAX(1,IF(ISNUMBER(MATCH(LOWER($H501),{"open",""},0)),MIN(TODAY(),$G501),IF($I501="",$G501,$I501))-$F501)) | P501: =IF(OR($N501="",$M501="",$M501=0),"",$N501/$M501) | Q501: =IF(OR($P501="",$O501=""),"",$P501*365/$O501) | R501: =IF($N501="",0,$M501*$O501) | S501: =IF(OR($A501="",LEFT($B501,5)="LEAPS"),0,$D501*100*$E501)

Sheet Wheel summary
B2: Your wheel, at a glance
B3: Everything on this page is calculated from the Trades sheet. Nothing to type here except tickers in the table below.
B5: PREMIUM COLLECTED | D5: REALIZED P/L | F5: WIN RATE
B6: =SUM('Trades'!$S$2:$S$501) | D6: =SUM('Trades'!$N$2:$N$501) | F6: =IFERROR(COUNTIF('Trades'!$N$2:$N$501,">0")/COUNT('Trades'!$N$2:$N$501),"")
B8: ANNUALIZED (WEIGHTED) | D8: OPEN TRADES | F8: CAPITAL AT WORK
B9: =IFERROR(SUM('Trades'!$N$2:$N$501)/SUM('Trades'!$R$2:$R$501)*365,"") | D9: =SUMPRODUCT(('Trades'!$A$2:$A$501<>"")*ISNUMBER(MATCH(LOWER('Trades'!$H$2:$H$501),{"open",""},0))) | F9: =SUMPRODUCT(('Trades'!$A$2:$A$501<>"")*ISNUMBER(MATCH(LOWER('Trades'!$H$2:$H$501),{"open",""},0))*((LEFT('Trades'!$B$2:$B$501,5)="LEAPS")*'Trades'!$D$2:$D$501+(LEFT('Trades'!$B$2:$B$501,5)<>"LEAPS")*'Trades'!$C$2:$C$501)*'Trades'!$E$2:$E$501*100)
B12: By ticker
B13: Ticker | C13: Trades | D13: Premium collected | E13: Realized P/L | F13: Open trades
B14: KO | C14: =IF($B14="","",COUNTIF('Trades'!$A$2:$A$501,$B14)) | D14: =IF($B14="","",SUMIF('Trades'!$A$2:$A$501,$B14,'Trades'!$S$2:$S$501)) | E14: =IF($B14="","",SUMIF('Trades'!$A$2:$A$501,$B14,'Trades'!$N$2:$N$501)) | F14: =IF($B14="","",SUMPRODUCT(('Trades'!$A$2:$A$501=$B14)*ISNUMBER(MATCH(LOWER('Trades'!$H$2:$H$501),{"open",""},0))))
B15: AMD | C15: =IF($B15="","",COUNTIF('Trades'!$A$2:$A$501,$B15)) | D15: =IF($B15="","",SUMIF('Trades'!$A$2:$A$501,$B15,'Trades'!$S$2:$S$501)) | E15: =IF($B15="","",SUMIF('Trades'!$A$2:$A$501,$B15,'Trades'!$N$2:$N$501)) | F15: =IF($B15="","",SUMPRODUCT(('Trades'!$A$2:$A$501=$B15)*ISNUMBER(MATCH(LOWER('Trades'!$H$2:$H$501),{"open",""},0))))
C16: =IF($B16="","",COUNTIF('Trades'!$A$2:$A$501,$B16)) | D16: =IF($B16="","",SUMIF('Trades'!$A$2:$A$501,$B16,'Trades'!$S$2:$S$501)) | E16: =IF($B16="","",SUMIF('Trades'!$A$2:$A$501,$B16,'Trades'!$N$2:$N$501)) | F16: =IF($B16="","",SUMPRODUCT(('Trades'!$A$2:$A$501=$B16)*ISNUMBER(MATCH(LOWER('Trades'!$H$2:$H$501),{"open",""},0))))
C17: =IF($B17="","",COUNTIF('Trades'!$A$2:$A$501,$B17)) | D17: =IF($B17="","",SUMIF('Trades'!$A$2:$A$501,$B17,'Trades'!$S$2:$S$501)) | E17: =IF($B17="","",SUMIF('Trades'!$A$2:$A$501,$B17,'Trades'!$N$2:$N$501)) | F17: =IF($B17="","",SUMPRODUCT(('Trades'!$A$2:$A$501=$B17)*ISNUMBER(MATCH(LOWER('Trades'!$H$2:$H$501),{"open",""},0))))
C18: =IF($B18="","",COUNTIF('Trades'!$A$2:$A$501,$B18)) | D18: =IF($B18="","",SUMIF('Trades'!$A$2:$A$501,$B18,'Trades'!$S$2:$S$501)) | E18: =IF($B18="","",SUMIF('Trades'!$A$2:$A$501,$B18,'Trades'!$N$2:$N$501)) | F18: =IF($B18="","",SUMPRODUCT(('Trades'!$A$2:$A$501=$B18)*ISNUMBER(MATCH(LOWER('Trades'!$H$2:$H$501),{"open",""},0))))
C19: =IF($B19="","",COUNTIF('Trades'!$A$2:$A$501,$B19)) | D19: =IF($B19="","",SUMIF('Trades'!$A$2:$A$501,$B19,'Trades'!$S$2:$S$501)) | E19: =IF($B19="","",SUMIF('Trades'!$A$2:$A$501,$B19,'Trades'!$N$2:$N$501)) | F19: =IF($B19="","",SUMPRODUCT(('Trades'!$A$2:$A$501=$B19)*ISNUMBER(MATCH(LOWER('Trades'!$H$2:$H$501),{"open",""},0))))
C20: =IF($B20="","",COUNTIF('Trades'!$A$2:$A$501,$B20)) | D20: =IF($B20="","",SUMIF('Trades'!$A$2:$A$501,$B20,'Trades'!$S$2:$S$501)) | E20: =IF($B20="","",SUMIF('Trades'!$A$2:$A$501,$B20,'Trades'!$N$2:$N$501)) | F20: =IF($B20="","",SUMPRODUCT(('Trades'!$A$2:$A$501=$B20)*ISNUMBER(MATCH(LOWER('Trades'!$H$2:$H$501),{"open",""},0))))
C21: =IF($B21="","",COUNTIF('Trades'!$A$2:$A$501,$B21)) | D21: =IF($B21="","",SUMIF('Trades'!$A$2:$A$501,$B21,'Trades'!$S$2:$S$501)) | E21: =IF($B21="","",SUMIF('Trades'!$A$2:$A$501,$B21,'Trades'!$N$2:$N$501)) | F21: =IF($B21="","",SUMPRODUCT(('Trades'!$A$2:$A$501=$B21)*ISNUMBER(MATCH(LOWER('Trades'!$H$2:$H$501),{"open",""},0))))
C22: =IF($B22="","",COUNTIF('Trades'!$A$2:$A$501,$B22)) | D22: =IF($B22="","",SUMIF('Trades'!$A$2:$A$501,$B22,'Trades'!$S$2:$S$501)) | E22: =IF($B22="","",SUMIF('Trades'!$A$2:$A$501,$B22,'Trades'!$N$2:$N$501)) | F22: =IF($B22="","",SUMPRODUCT(('Trades'!$A$2:$A$501=$B22)*ISNUMBER(MATCH(LOWER('Trades'!$H$2:$H$501),{"open",""},0))))
C23: =IF($B23="","",COUNTIF('Trades'!$A$2:$A$501,$B23)) | D23: =IF($B23="","",SUMIF('Trades'!$A$2:$A$501,$B23,'Trades'!$S$2:$S$501)) | E23: =IF($B23="","",SUMIF('Trades'!$A$2:$A$501,$B23,'Trades'!$N$2:$N$501)) | F23: =IF($B23="","",SUMPRODUCT(('Trades'!$A$2:$A$501=$B23)*ISNUMBER(MATCH(LOWER('Trades'!$H$2:$H$501),{"open",""},0))))
C24: =IF($B24="","",COUNTIF('Trades'!$A$2:$A$501,$B24)) | D24: =IF($B24="","",SUMIF('Trades'!$A$2:$A$501,$B24,'Trades'!$S$2:$S$501)) | E24: =IF($B24="","",SUMIF('Trades'!$A$2:$A$501,$B24,'Trades'!$N$2:$N$501)) | F24: =IF($B24="","",SUMPRODUCT(('Trades'!$A$2:$A$501=$B24)*ISNUMBER(MATCH(LOWER('Trades'!$H$2:$H$501),{"open",""},0))))
C25: =IF($B25="","",COUNTIF('Trades'!$A$2:$A$501,$B25)) | D25: =IF($B25="","",SUMIF('Trades'!$A$2:$A$501,$B25,'Trades'!$S$2:$S$501)) | E25: =IF($B25="","",SUMIF('Trades'!$A$2:$A$501,$B25,'Trades'!$N$2:$N$501)) | F25: =IF($B25="","",SUMPRODUCT(('Trades'!$A$2:$A$501=$B25)*ISNUMBER(MATCH(LOWER('Trades'!$H$2:$H$501),{"open",""},0))))
C26: =IF($B26="","",COUNTIF('Trades'!$A$2:$A$501,$B26)) | D26: =IF($B26="","",SUMIF('Trades'!$A$2:$A$501,$B26,'Trades'!$S$2:$S$501)) | E26: =IF($B26="","",SUMIF('Trades'!$A$2:$A$501,$B26,'Trades'!$N$2:$N$501)) | F26: =IF($B26="","",SUMPRODUCT(('Trades'!$A$2:$A$501=$B26)*ISNUMBER(MATCH(LOWER('Trades'!$H$2:$H$501),{"open",""},0))))
C27: =IF($B27="","",COUNTIF('Trades'!$A$2:$A$501,$B27)) | D27: =IF($B27="","",SUMIF('Trades'!$A$2:$A$501,$B27,'Trades'!$S$2:$S$501)) | E27: =IF($B27="","",SUMIF('Trades'!$A$2:$A$501,$B27,'Trades'!$N$2:$N$501)) | F27: =IF($B27="","",SUMPRODUCT(('Trades'!$A$2:$A$501=$B27)*ISNUMBER(MATCH(LOWER('Trades'!$H$2:$H$501),{"open",""},0))))
... C29: =IF($B29="","",COUNTIF('Trades'!$A$2:$A$501,$B29)) | D29: =IF($B29="","",SUMIF('Trades'!$A$2:$A$501,$B29,'Trades'!$S$2:$S$501)) | E29: =IF($B29="","",SUMIF('Trades'!$A$2:$A$501,$B29,'Trades'!$N$2:$N$501)) | F29: =IF($B29="","",SUMPRODUCT(('Trades'!$A$2:$A$501=$B29)*ISNUMBER(MATCH(LOWER('Trades'!$H$2:$H$501),{"open",""},0))))
B31: Premium by month (entry date) | E31: Year | F31: =YEAR(TODAY())
B32: Month | C32: Premium
B33: Jan | C33: =SUMPRODUCT((YEAR('Trades'!$F$2:$F$501)=$F$31)*(MONTH('Trades'!$F$2:$F$501)=1)*'Trades'!$S$2:$S$501)
B34: Feb | C34: =SUMPRODUCT((YEAR('Trades'!$F$2:$F$501)=$F$31)*(MONTH('Trades'!$F$2:$F$501)=2)*'Trades'!$S$2:$S$501)
B35: Mar | C35: =SUMPRODUCT((YEAR('Trades'!$F$2:$F$501)=$F$31)*(MONTH('Trades'!$F$2:$F$501)=3)*'Trades'!$S$2:$S$501)
B36: Apr | C36: =SUMPRODUCT((YEAR('Trades'!$F$2:$F$501)=$F$31)*(MONTH('Trades'!$F$2:$F$501)=4)*'Trades'!$S$2:$S$501)
B37: May | C37: =SUMPRODUCT((YEAR('Trades'!$F$2:$F$501)=$F$31)*(MONTH('Trades'!$F$2:$F$501)=5)*'Trades'!$S$2:$S$501)
B38: Jun | C38: =SUMPRODUCT((YEAR('Trades'!$F$2:$F$501)=$F$31)*(MONTH('Trades'!$F$2:$F$501)=6)*'Trades'!$S$2:$S$501)
B39: Jul | C39: =SUMPRODUCT((YEAR('Trades'!$F$2:$F$501)=$F$31)*(MONTH('Trades'!$F$2:$F$501)=7)*'Trades'!$S$2:$S$501)
B40: Aug | C40: =SUMPRODUCT((YEAR('Trades'!$F$2:$F$501)=$F$31)*(MONTH('Trades'!$F$2:$F$501)=8)*'Trades'!$S$2:$S$501)
B41: Sep | C41: =SUMPRODUCT((YEAR('Trades'!$F$2:$F$501)=$F$31)*(MONTH('Trades'!$F$2:$F$501)=9)*'Trades'!$S$2:$S$501)
B42: Oct | C42: =SUMPRODUCT((YEAR('Trades'!$F$2:$F$501)=$F$31)*(MONTH('Trades'!$F$2:$F$501)=10)*'Trades'!$S$2:$S$501)
B43: Nov | C43: =SUMPRODUCT((YEAR('Trades'!$F$2:$F$501)=$F$31)*(MONTH('Trades'!$F$2:$F$501)=11)*'Trades'!$S$2:$S$501)
B44: Dec | C44: =SUMPRODUCT((YEAR('Trades'!$F$2:$F$501)=$F$31)*(MONTH('Trades'!$F$2:$F$501)=12)*'Trades'!$S$2:$S$501)
B46: Annualized (weighted) = total realized P/L ÷ total capital-days × 365, the same basis YieldCove uses. Educational tool, not investment advice.

Sheet How to use
B2: How to use this tracker
B3: One row per option trade. Type in the white columns; the grey columns calculate themselves.
B5: 1. Log a trade
B6: Ticker: the stock symbol (KO, AMD…).
B7: Type: CSP (cash-secured put), CC (covered call), LEAPS_CALL or LEAPS_PUT.
B8: Strike, Premium and Close price are per share, as your broker quotes them (1.10 = $110 per contract).
B9: Contracts: 1 contract = 100 shares.
B11: 2. Close it
B12: Status: open, closed (bought back: fill in Close date and Close price), expired (worthless, you keep the premium) or assigned (you keep the premium and get the shares or have them called away).
B13: Rolled a trade? Close the old row as closed, then add the new contract as a new row.
B15: 3. Read the summary
B16: Wheel summary adds up premium, realized P/L, win rate and an annualized return that weighs each trade by its capital and days at risk.
... B23: Version 2026.10 · Free to use and share. Educational tool, not investment advice.
